 Dungeon Crawl Stone Soup version 0.17-a0-2144-gd7f430c (webtiles) character file.

540 AMagicalLamp the Carver (level 7, -2/57 HPs)
             Began as a Minotaur Gladiator on Oct 24, 2015.
             Slain by Grinder (3 damage)
             ... while paralysed by Grinder
             ... on level 4 of the Dungeon.
             The game lasted 00:07:06 (2729 turns).

AMagicalLamp the Carver (Minotaur Gladiator)        Turns: 2729, Time: 00:07:06

Health: -2/57      AC:  5    Str: 20    XL:     7   Next: 5%
Magic:  6/6        EV:  2    Int:  5    God:
Gold:   129        SH:  0    Dex: 12    Spells: 0 memorised, 6 levels left

rFire  . . .     SeeInvis .     a - +1 long sword
rCold  . . .     Clarity  .     b - +0 leather armour
rNeg   . . .     SustAt   .     (no shield)
rPois  .         Gourm    .     c - +0 hat
rElec  .         Spirit   .     k - +0 cloak
rCorr  .         Warding  .     g - +0 pair of gloves
rMut   .         Stasis   .     (no boots)
MR     .....                    (no amulet)
Stlth  +.........               (no ring)
                                (no ring)

@: paralysed, lethally poisoned (-2 -> -8), drained, not resistant to hostile
enchantments, very unstealthy
A: retaliatory headbutt, horns 2
a: no special abilities


You were on level 4 of the Dungeon.
You were not hungry.

You visited 1 branch of the dungeon, and saw 4 of its levels.
You also visited: Ossuary.

You collected 129 gold pieces.


Innate Abilities, Weirdness & Mutations

You reflexively headbutt those who attack you in melee.
You have a pair of horns on your head.


   Skills:
 + Level 3.6(3.3) Fighting
 + Level 9.3(8.9) Long Blades
 - Level 2.0(1.7) Throwing
 - Level 3.2(2.9) Dodging


You had 6 spell levels left.
You didn't know any spells.

Inventory:

Hand Weapons
 a - a +1 long sword (weapon)
 r - a +0 dagger
Missiles
 d - 3 throwing nets {=f}
Armour
 b - a +0 leather armour (worn)
 c - a +0 hat (worn)
 g - a +0 pair of gloves (worn)
 k - a +0 cloak (worn)
Wands
 i - a wand of teleportation (2) {!d@v4}
 C - a wand of random effects (38)
Scrolls
 l - 2 scrolls of recharging
 m - 4 scrolls of teleportation {@r4}
 w - 2 scrolls of remove curse
Potions
 f - a potion of brilliance {unknown}
 h - 2 potions of heal wounds {@q2}
 j - a potion of cancellation {unknown}
 o - 2 potions of haste {@q3}
 p - 6 potions of curing {@q1}
 q - 3 potions of degeneration {!q}
 s - 2 potions of poison {!q}
 t - 3 potions of cure mutation
 u - a potion of lignification {unknown}
 v - a potion of might {unknown}
 x - 3 potions of berserk rage {!q}
 A - a potion of mutation {unknown}
Comestibles
 e - 4 bread rations
 n - 2 meat rations

Dungeon Overview and Level Annotations

Branches:
Dungeon (4/15)
 Temple: D:4-7

Altars:
Makhleb
Qazlal
Lugonu

Portals:
Abyss: D:1

Annotations:
D:4 Grinder

▒............▒
▒............▒
▒............▒▒.▒
▒▒▒▒▒▒▒▒▒........
▒........<.▒.▒
▒......▒▒▒...▒
▒.....▒▒ ...
▒.....▒ ..
▒...H.▒▒▒▒.. .
▒▒..s5.......
▒...........
▒....?......
...........(.
▒▒.....▒▒▒▒▒▒▒
▒.▒+▒.▒ ▒. ▒.. ..
..▒


You could see Grinder and a scorpion.


Message History

You hit Grinder. Your headbutt misses Grinder.
Grinder is heavily wounded.
The scorpion stings you.
You are poisoned.
The scorpion poisons you! Grinder gestures at you.
You suddenly lose the ability to move!
You feel sick. The scorpion stings you.
Grinder gestures.
Grinder blinks!
You feel sick. The scorpion stings you.
* * * LOW HITPOINT WARNING * * *
You are more poisoned.
The scorpion poisons you!
You feel sick. Grinder hits you.
* * * LOW HITPOINT WARNING * * *
You writhe in agony. x2
The scorpion stings you but does no damage.
Grinder gestures at you. You resist with significant effort.
The scorpion stings you but does no damage.
You feel sick. Grinder hits you.
* * * LOW HITPOINT WARNING * * *
You writhe in agony. x2
The scorpion stings you.
* * * LOW HITPOINT WARNING * * *
You feel sick. Grinder hits you!
* * * LOW HITPOINT WARNING * * *
You writhe in agony.
You die...

Action                   |  1- 3 |  4- 6 |  7- 9 || total
-------------------------+-------+-------+-------++-------
Melee: Long sword        |    93 |   145 |     9 ||   247
  Use: Scroll            |     6 |     9 |       ||    15
       Potion            |       |     1 |       ||     1
  Eat: Chunk             |     1 |     5 |       ||     6

Vault maps used:
D:1:      erik_arrival_cave_to_civilisation, minmay_misc_feat_hallway
D:2:      grunt_qazlal_clouds, first_bread
D:3:      lightli_temple_of_fire, minmay_joined_circles, uniq_sigmund,
          uniq_terence, uniq_iyjb
D:4:      lemuel_upstairs_altar, minmay_temple_entry_statues_pillars,
          enter_ossuary_4, uniq_edmund, uniq_grinder
Ossuary:  ossuary_due_pyramid

Notes
Turn   | Place    | Note
--------------------------------------------------------------
     0 | D:1      | AMagicalLamp the Minotaur Gladiator began the quest for the Orb.
     0 | D:1      | Reached XP level 1. HP: 18/18 MP: 0/0
   119 | D:1      | Reached skill level 4 in Long Blades
   182 | D:1      | Found a one-way gate to the infinite horrors of the Abyss.
   182 | D:1      | Found a corrupted altar of Lugonu.
   182 | D:1      | Noticed a demonic crawler
   182 | D:1      | Noticed a quasit
   182 | D:1      | Noticed an iron imp
   182 | D:1      | Noticed an iron imp
   183 | D:1      | Noticed an iron imp
   183 | D:1      | Noticed a demonic crawler
   184 | D:1      | Noticed a demonic crawler
   186 | D:1      | Noticed an iron imp
   186 | D:1      | Noticed an iron imp
   258 | D:1      | Reached XP level 2. HP: 23/25 MP: 1/1
   812 | D:2      | Reached skill level 5 in Long Blades
   812 | D:2      | Reached XP level 3. HP: 24/30 MP: 2/2
  1215 | D:2      | Found a stormy altar of Qazlal.
  1240 | D:2      | Reached XP level 4. HP: 34/37 MP: 3/3
  1315 | D:2      | Reached skill level 6 in Long Blades
  1611 | D:3      | Noticed Sigmund
  1618 | D:3      | Killed Sigmund
  1618 | D:3      | Reached skill level 8 in Long Blades
  1618 | D:3      | Reached XP level 5. HP: 26/42 MP: 4/4
  1618 | D:3      | Reached XP level 6. HP: 30/50 MP: 5/5
  1620 | D:3      | Identified a wand of teleportation (You took it off Sigmund on level 3 of the Dungeon)
  1749 | D:3      | Found a burning altar of Makhleb.
  1790 | D:3      | Noticed Ijyb
  1800 | D:3      | Killed Ijyb
  1826 | D:3      | Noticed Terence
  1831 | D:3      | Killed Terence
  2050 | D:4      | Found a sand-covered staircase.
  2057 | Ossuary  | Entered an ossuary
  2163 | Ossuary  | Killed Menkaure
  2324 | Ossuary  | Reached skill level 9 in Long Blades
  2410 | D:4      | Noticed Edmund
  2420 | D:4      | Killed Edmund
  2420 | D:4      | Reached skill level 3 in Fighting
  2570 | D:4      | Reached XP level 7. HP: 30/57 MP: 6/6
  2711 | D:4      | Noticed Grinder
  2720 | D:4      | Paralysed by Grinder for 2 turns
  2723 | D:4      | Paralysed by Grinder for 7 turns
  2729 | D:4      | HP: 1/57 [Grinder (8)]
  2729 | D:4      | Slain by Grinder

Vanquished Creatures
  Sigmund (D:3)
  Edmund (D:4)
  A quasit (D:3)
  Ijyb (D:3)
  A centaur skeleton (D:4)
  Terence (D:3)
  A mummy (Ossuary)
  5 adders
  An ooze (D:3)
  4 worms (D:2)
  A giant gecko (D:4)
  7 giant cockroaches
  9 hobgoblins
  10 kobolds
  3 quokkas
  11 bats
  5 giant newts
  2 gnoll skeletons (Ossuary)
  3 gnoll zombies (Ossuary)
  10 goblins
  4 goblin zombies (Ossuary)
  6 hobgoblin skeletons (Ossuary)
  2 hobgoblin zombies (Ossuary)
  3 jackals (D:2)
  2 kobold skeletons (Ossuary)
  6 kobold zombies (Ossuary)
  2 orc skeletons (Ossuary)
  An orc zombie (Ossuary)
  A quokka zombie (D:4)
  6 rats
  3 rat skeletons (Ossuary)
  3 rat zombies
117 creatures vanquished.

Vanquished Creatures (others)
  Menkaure (Ossuary)
  2 mummies (Ossuary)
  A gnoll zombie (Ossuary)
  A gnoll skeleton (Ossuary)
  2 goblin skeletons (Ossuary)
  3 hobgoblin skeletons (Ossuary)
  A hobgoblin zombie (Ossuary)
  A kobold skeleton (Ossuary)
  2 kobold zombies (Ossuary)
  2 orc skeletons (Ossuary)
  3 orc zombies (Ossuary)
  A rat skeleton (Ossuary)
20 creatures vanquished.

Grand Total: 137 creatures vanquished
